AoeStats
← tavoo

Golden Pit

509467617Analyzed
1v1 RM · 6d ago on Sep 26, 2026· 30m 19s· 2 players
Game mode
Random Map
Map size
Tiny (2 player)
Population
200
Speed
Normal
Resources
Standard
Victory
Conquest
Starting age
Dark Age
Ending age
Imperial Age
RankedLock teamsTeams togetherTeam positionsShared explorationLock speedFull tech treeHidden civsTurbo modeCheats
Victory
Defeat
🇨🇭 Chinese · Switzerland
1477
+14
🇲🇽 Celts · Mexico
1430
-14
tavoo
2:46 Loom
9:46 Feudal Age
9:51 Man-at-Arms
10:41 Double-Bit Axe
17:10 Fletching
19:31 Padded Archer Armor
24:52 Castle Age
26:31 Pikeman
27:34 Scale Mail Armor
29:14 Chain Mail Armor
Xanthos
0:28 Loom
10:45 Feudal Age
11:18 Double-Bit Axe
14:18 Fletching
22:33 Castle Age
20:57 Town Watch
21:07 Gold Mining
21:47 Bloodlines
22:04 Scale Barding Armor
24:42 Husbandry
26:41 Wheelbarrow
29:00 Bow Saw
Connection lost

Rejoining the realm…

Still unreachable

The connection could not be restored.

Session expired

The server has moved on; the page needs a fresh start.